 Dungeon Crawl Stone Soup version 0.21.1-1-g345015f (webtiles) character file.

742 diana the Ducker (level 7, -1/79 HPs)
             Began as a Demigod Gladiator on June 3, 2018.
             Slain by a sky beast (5 damage)
             ... on level 5 of the Dungeon.
             The game lasted 00:10:42 (4134 turns).

diana the Ducker (Demigod Gladiator)                Turns: 4134, Time: 00:10:43

Health: -1/79      AC: 23    Str: 17    XL:     7   Next: 22%
Magic:  9/9        EV:  2    Int: 12    God:
Gold:   289        SH:  0    Dex: 21    Spells: 6/6 levels left

rFire    . . .     SeeInvis .   a - +0 long sword
rCold    . . .     Gourm    .   (no shield)
rNeg     + + +     Faith    .   (armour currently unavailable)
rPois    +         Spirit   .   (helmet currently unavailable)
rElec    .         Reflect  .   (cloak currently unavailable)
rCorr    .         Harm     .   (gloves currently unavailable)
MR       .....     NoTele   +   (boots currently unavailable)
Stlth    ++........             (no amulet)
HPRegen  0.23/turn              (no ring)
MPRegen  0.11/turn              (no ring)

@: tree-form
A: high mp 1
a: no special abilities


You were on level 5 of the Dungeon.
You were not hungry.
You were a tree.
You visited 1 branch of the dungeon, and saw 5 of its levels.

You collected 289 gold pieces.

Inventory:

Hand Weapons
 a - a +0 long sword (weapon)
Missiles
 d - 3 throwing nets (quivered)
Armour
 b - a +0 leather armour (melded)
 c - a +0 helmet (melded)
 o - a +0 buckler
 x - a +0 shield
Wands
 t - a wand of polymorph (10)
Scrolls
 g - a scroll of remove curse
 h - a scroll of blinking {unknown}
 i - a scroll of silence {unknown}
 u - a scroll of immolation {unknown}
Potions
 e - a potion of flight
 k - 2 potions of brilliance
 n - a potion of haste {unknown}
 p - a potion of berserk rage {unknown}
 q - a potion of resistance {unknown}
 s - 2 potions of curing {unknown}
 v - a potion of agility {unknown}
Comestibles
 f - 9 rations


   Skills:
 - Level 1.7 Fighting
 + Level 5.1 Long Blades
 - Level 1.7 Throwing
 * Level 6.8 Dodging


You had 6 spell levels left.
You didn't know any spells.

Dungeon Overview and Level Annotations

Branches:
Dungeon (5/15)
 Temple: D:4-7

Annotations:
D:4 Monsterracer's ghost, weakling DDFi


Innate Abilities, Weirdness & Mutations

You have an increased reservoir of magic. (+10% MP)


Message History

The sky beast shocks you.
* * * LOW HITPOINT WARNING * * *
You closely miss the sky beast.
The sky beast is severely wounded.
The sky beast hits you but does no damage.
You closely miss the sky beast.
The sky beast is severely wounded.
The sky beast hits you but does no damage.
You slash the sky beast!
The sky beast is almost dead.
The sky beast hits you but does no damage.
You completely miss the sky beast.
The sky beast is almost dead.
The sky beast hits you but does no damage.
You miss the sky beast.
The sky beast is almost dead.
The sky beast hits you.
* * * LOW HITPOINT WARNING * * *
The sky beast shocks you.
You die...

#. #.# #.# #.# #.#
.######.#########################
...............Y♣.[..............
##......#################....##
#......#####...(....# #.##'##
#.........##.....)..####.#....
.............''.............#....
####.####...)##........#....#....
... #....##........#....##.## ###
#######........#....##.#
###........#....##.#


You could see a sky beast.

Vanquished Creatures
  A sky beast (D:5)
  A necrophage (D:5)
  A phantom (D:4)
  An ogre (D:5)
  A scorpion (D:5)
  A centaur zombie (D:5)
  A jelly (D:5)
  An orc wizard (D:4)
  3 worker ants
  7 adders
  2 shadow imps (D:5)
  2 oozes (D:1)
  3 dart slugs
  4 leopard geckos
  6 orcs
  7 bats
  7 giant cockroaches
  12 hobgoblins
  4 jackals (D:3)
  8 kobolds
  6 frilled lizards
  10 goblins
  A jackal skeleton (D:4)
  A leopard gecko zombie (D:5)
  11 rats
102 creatures vanquished.

Vanquished Creatures (others)
  An iguana (D:2)
  A goblin (D:2)
2 creatures vanquished.

Grand Total: 104 creatures vanquished

Notes
Turn   | Place    | Note
-------+----------+-------------------------------------------
     0 | D:1      | diana the Demigod Gladiator began the quest for the Orb.
     0 | D:1      | Reached XP level 1. HP: 17/17 MP: 3/3
    39 | D:1      | Reached skill level 3 in Dodging
    57 | D:1      | Reached XP level 2. HP: 18/24 MP: 4/4
   181 | D:1      | Found a snail-covered altar of Cheibriados.
   331 | D:1      | Reached XP level 3. HP: 26/29 MP: 5/5
   878 | D:2      | Reached skill level 4 in Dodging
  1308 | D:2      | Reached XP level 4. HP: 36/36 MP: 6/6
  1666 | D:3      | Found a shadowy altar of Dithmenos.
  2433 | D:4      | Found a sacrificial altar of Ru.
  2443 | D:4      | Reached XP level 5. HP: 36/41 MP: 7/7
  2470 | D:4      | Noticed Monsterracer's ghost (weakling DDFi)
  2494 | D:4      | HP: 2/41 [Monsterracer's ghost (13)]
  2939 | D:4      | Reached skill level 5 in Dodging
  3032 | D:4      | Noticed a phantom
  3048 | D:4      | Killed a phantom
  3096 | D:5      | Entered Level 5 of the Dungeon
  3238 | D:5      | Noticed an ogre
  3257 | D:5      | Reached XP level 6. HP: 39/48 MP: 8/8
  3524 | D:5      | Reached skill level 6 in Dodging
  3619 | D:5      | Reached XP level 7. HP: 29/53 MP: 9/9
  3990 | D:5      | Reached skill level 5 in Long Blades
  4134 | D:5      | Slain by a sky beast

Skill      XL: |  1  2  3  4  5  6  7 |
---------------+----------------------+-----
Dodging        | 3 4 5 6 |  6.8
Long Blades    | 3 4 5 |  5.1
Fighting       | |  1.7
Throwing       | |  1.7

Action                   |  1- 3 |  4- 6 |  7- 9 || total
-------------------------+-------+-------+-------++-------
Melee: Long sword        |   122 |   189 |    33 ||   344
  Use: Potion            |       |     3 |     2 ||     5
       Scroll            |       |     3 |       ||     3
 Stab: Invisible         |       |     1 |       ||     1
       Paralysed         |       |     1 |       ||     1
  Eat: Chunk             |     1 |     7 |       ||     8
       Ration            |       |       |     1 ||     1
Armor: Leather armour    |    37 |    31 |     2 ||    70
       Skin              |       |       |    19 ||    19
Dodge: Dodged            |   109 |   170 |    25 ||   304
       Rpst.: Long sword |    43 |    46 |     5 ||    94
